 Dungeon Crawl Stone Soup version 0.22-a0-533-g4d20840 (webtiles) character file.

126 Hebeh the Shield-Bearer (level 4, -11/42 HPs)
             Began as a Deep Dwarf Fighter on June 22, 2018.
             Mangled by iamserjio's ghost (12 damage)
             ... on level 3 of the Dungeon.
             The game lasted 00:05:51 (1858 turns).

Hebeh the Shield-Bearer (Deep Dwarf Fighter)        Turns: 1858, Time: 00:05:51

Health: -11/42     AC:  7    Str: 21    XL:     4   Next: 83%
Magic:  4/4        EV:  7    Int:  8    God:
Gold:   77         SH:  9    Dex: 12    Spells: 3/3 levels left

rFire    . . .     SeeInvis .   a - +0 war axe
rCold    . . .     Gourm    .   c - +0 shield
rNeg     . . .     Faith    .   b - +0 scale mail
rPois    .         Spirit   .   (no helmet)
rElec    .         Reflect  .   (no cloak)
rCorr    .         Harm     .   (no gloves)
MR       .....                  (no boots)
Stlth    ..........             (no amulet)
HPRegen  0.00/turn              (no ring)
MPRegen  0.09/turn              (no ring)

@: about to teleport, non-regenerating
A: damage resistance, heal wounds, sense surroundings 1, no regeneration
a: Heal Wounds


You were on level 3 of the Dungeon.
You were hungry.

You visited 1 branch of the dungeon, and saw 3 of its levels.

You collected 77 gold pieces.

Inventory:

Hand Weapons
 a - a +0 war axe (weapon)
Armour
 b - a +0 scale mail (worn)
 c - a +0 shield (worn)
 q - a +0 cloak
Jewellery
 k - a cursed ring of teleportation {unknown}
 m - an uncursed ring of resist corrosion {unknown}
Wands
 p - a wand of digging (15)
Scrolls
 e - a scroll of magic mapping {unknown}
 h - 6 scrolls of identify {unknown}
 j - a scroll of teleportation
 n - a scroll of enchant weapon {unknown}
 o - a scroll of remove curse {unknown}
 u - a scroll of random uselessness {unknown}
Potions
 d - a potion of might
 i - 2 potions of curing {unknown}
 l - a potion of agility {unknown}
 r - 2 potions of haste {unknown}
 s - a potion of cancellation {unknown}
 t - 2 potions of ambrosia {unknown}
Comestibles
 f - 6 rations
 g - 3 chunks of flesh


   Skills:
 + Level 3.3 Fighting
 * Level 3.9 Axes
 + Level 4.0 Armour
 + Level 4.0 Shields


You had 3 spell levels left.
You didn't know any spells.
Your spell library was empty.

Dungeon Overview and Level Annotations

Branches:
Dungeon (3/15)

Altars:

Annotations:
D:3 Mgcat's ghost, amateur HOGl; Verendum's ghost, amateur HOMo; iamserjio's ghost, weakling VSSk; kae's ghost, amateur DsTm


Innate Abilities, Weirdness & Mutations

You are resistant to damage.
You can heal yourself by infusing magical energy.
You passively map a small area around you.
You do not regenerate.


Message History

Iamserjio's ghost hits you but does no damage.
You are electrocuted!
* * * LOW HITPOINT WARNING * * *
You slash kae's ghost!
Kae's ghost is moderately damaged.
You hit Verendum's ghost.
Your shield and scale mail prevent you from hitting Mgcat's ghost.
You closely miss iamserjio's ghost.
Kae's ghost hits you but does no damage.
You block Mgcat's ghost's attack. Verendum's ghost barely misses you.
Iamserjio's ghost barely misses you. You block kae's ghost's attack.
You block Mgcat's ghost's attack. Verendum's ghost hits you.
* * * LOW HITPOINT WARNING * * *
Unknown command.
Unknown command.
As you read the scroll labeled SAWKUI ZEAVISCH, it crumbles to dust.
You feel strangely unstable.
It was a scroll of teleportation.
Iamserjio's ghost hits you but does no damage.
You are electrocuted!
You die...

...##.##.# #.#.# * *
.........# ##.#.# ≈ #.#
* ##....# #.# ,,..... ,
≈ * .####)# *####...##*
≈ .#....# #.......,
......#####.###.## +
##...........).W.## ,
,,
##.#.#####..####@W####
....)## #..##..WW...#
###...# #..####'''###
#.....# #<.#$......./#
#.###.####..#8.......8#
..#..)..##..#........%#
#.#.###.##..#?.......!#
#...#.......##8.....8##
###.#.###...###:....##


You could see Mgcat's ghost, Verendum's ghost, iamserjio's ghost and kae's
ghost.

Vanquished Creatures
  Terence (D:3)
  4 adders (D:2)
  A worm (D:2)
  A leopard gecko (D:1)
  8 bats
  3 giant cockroaches
  12 goblins
  8 hobgoblins
  A quokka (D:2)
  3 ball pythons
  8 frilled lizards
  5 kobolds
  2 rats (D:2)
57 creatures vanquished.

Notes
Turn   | Place    | Note
-------+----------+-------------------------------------------
     0 | D:1      | Hebeh the Deep Dwarf Fighter began the quest for the Orb.
     0 | D:1      | Reached XP level 1. HP: 20/20 MP: 1/1
    75 | D:1      | Reached XP level 2. HP: 21/27 MP: 2/2
   837 | D:1      | Reached XP level 3. HP: 24/34 MP: 3/3
  1058 | D:2      | Reached XP level 4. HP: 21/42 MP: 4/4
  1830 | D:3      | Noticed Terence
  1842 | D:3      | Killed Terence
  1844 | D:3      | Found a runed gate.
  1846 | D:3      | Found a runed gate.
  1846 | D:3      | Found a runed gate.
  1847 | D:3      | Noticed Verendum's ghost (amateur HOMo)
  1847 | D:3      | Noticed Mgcat's ghost (amateur HOGl)
  1847 | D:3      | Noticed iamserjio's ghost (weakling VSSk)
  1850 | D:3      | Noticed kae's ghost (amateur DsTm)
  1856 | D:3      | HP: 2/42 [iamserjio's ghost (5)]
  1858 | D:3      | Mangled by iamserjio's ghost

Vault maps used:
D:1:      lightli_arrival_chessboard
D:2:      first_ration, wad_floor_pattern_2
D:3:      overflow_temple_1_default, gammafunk_ghost_cemetery,
          portal_sewer_entry_c, hangedman_abyss_or_decor_stabs, uniq_terence

Skill      XL: |  1  2  3  4 |
---------------+-------------+-----
Fighting       | 3 |  3.3
Axes           | 3 |  3.9
Armour         | 4 |  4.0
Shields        | 4 |  4.0

Action                   |  1- 3 |  4- 6 || total
-------------------------+-------+-------++-------
Melee: War axe           |   133 |    81 ||   214
 Abil: Heal Wounds       |       |     1 ||     1
  Use: Scroll            |       |     1 ||     1
  Eat: Chunk             |     1 |     2 ||     3
Armor: Scale mail        |    69 |    34 ||   103
Dodge: Dodged            |    55 |    29 ||    84
Block: Shield            |    77 |    44 ||   121

Table legend:
 A = Spawn XP
 B = Non-spawn XP
 C = Spawn XP percentage of total XP
 D = Spawn monster count
 E = Non-spawn monster count
 F = Spawn count percentage of total count
 G = Total turns spent on level
                    A         B        C        D         E        F      G
               +---------+---------+-------+---------+---------+-------+---------
         Total |       0 |     180 |   0.0 |       0 |      57 |   0.0 |  1858
               +---------+---------+-------+---------+---------+-------+---------
           D:1 |       0 |      42 |   0.0 |       0 |      26 |   0.0 |   867
           D:2 |       0 |      98 |   0.0 |       0 |      28 |   0.0 |   902
           D:3 |       0 |      40 |   0.0 |       0 |       3 |   0.0 |    89
               +---------+---------+-------+---------+---------+-------+---------
